 Dungeon Crawl Stone Soup version 0.23.2-40-g277498a001 (webtiles) character file.

Game seed: 5953459548080317457

3002 Descartes the Covert (level 10, 0/68 HPs)
             Began as a Formicid Wanderer on Aug 25, 2019.
             Succumbed to raetorn's ghost's poison
             ... on level 5 of the Dungeon.
             The game lasted 00:21:24 (5701 turns).

Descartes the Covert (Formicid Wanderer)            Turns: 5701, Time: 00:21:24

Health: 0/68       AC: 16    Str: 18    XL:     10   Next: 9%
Magic:  18/18      EV: 12    Int: 14    God:
Gold:   208        SH:  0    Dex: 10    Spells: 16/20 levels left

rFire    . . .     SeeInvis +   s - +0 falchion (protect)
rCold    . . .     Gourm    .   (no shield)
rNeg     . . .     Faith    .   d - +2 leather armour
rPois    .         Spirit   .   (helmet unavailable)
rElec    .         Reflect  .   g - +0 cloak
rCorr    .         Harm     .   (no gloves)
MR       +....                  j - +0 pair of boots
Stlth    +++++.....             (no amulet)
HPRegen  0.21/turn              i - ring of stealth
MPRegen  0.16/turn              (no ring)

@: lethally poisoned (0 -> -16), protection aura
A: permanent stasis, dig shafts and tunnels, four strong arms, antennae 3, sense
surroundings 1, wild magic 1
a: Dig, Shaft Self


You were on level 5 of the Dungeon.
You were hungry.

You visited 1 branch of the dungeon, and saw 5 of its levels.
You also visited: Ossuary.

You collected 208 gold pieces.

Inventory:

Hand Weapons
 s - a +0 falchion of protection (weapon)
Missiles
 k - 41 arrows
 n - 149 stones (quivered)
Armour
 d - a +2 leather armour (worn)
 g - a +0 cloak (worn)
 j - a +0 pair of boots (worn)
Jewellery
 i - a ring of stealth (left hand)
Scrolls
 a - a scroll of enchant weapon {unknown}
 b - 2 scrolls of blinking {unknown}
 c - 2 scrolls of identify
 e - a scroll of fear {unknown}
 h - a scroll of random uselessness {unknown}
 l - 2 scrolls of enchant armour {unknown}
 m - 3 scrolls of amnesia
 t - a scroll of remove curse {unknown}
Potions
 o - a potion of curing
 r - a potion of brilliance {unknown}
Comestibles
 f - 6 rations


   Skills:
 + Level 2.6 Fighting
 + Level 9.0 Long Blades
 - Level 2.7 Throwing
 + Level 9.9 Armour
 + Level 2.6 Dodging
 + Level 10.5 Stealth
   Level 1.2 Shields
 + Level 5.5 Spellcasting
 + Level 2.4 Conjurations
   Level 1.0 Summonings
 + Level 0.1 Air Magic
   Level 3.6 Earth Magic
 + Level 6.8 Poison Magic


You had 16 spell levels left.
You knew the following spells:

 Your Spells              Type           Power        Failure   Level  Hunger
a - Sting                 Conj/Pois      ###.         4%          1    None
b - Mephitic Cloud        Conj/Pois/Air  ###.....     22%         3    ###....

Your spell library contained the following spells:

 Spells                   Type           Power        Failure   Level  Hunger
 Summon Butterflies       Summ           #.......     19%         1    None
 Call Canine Familiar     Summ           #.......     45%         3    ###....


Dungeon Overview and Level Annotations

Branches:
Dungeon (5/15)
 Temple: D:4-7

Altars:

Annotations:
D:5 raetorn's ghost, novice FoFi


Innate Abilities, Weirdness & Mutations

You cannot be hasted, slowed, berserked, paralysed or teleported.
You can dig through walls and to a lower floor.
Your four strong arms can wield two-handed weapons with a shield.
You have a pair of large antennae on your head. (SInv)
You passively map a small area around you.
Your spells are a little harder to cast, but a little more powerful.


Message History

Raetorn's ghost hits you but does no damage.
You are more poisoned.
You hit raetorn's ghost.
Raetorn's ghost is moderately damaged.
* * * LOW HITPOINT WARNING * * *
You feel sick. Raetorn's ghost hits you.
* * * LOW HITPOINT WARNING * * *
Okay, then.
Casting: Sting (safe; 4% risk of failure)
Confirm with . or Enter, or press ? or * to list all spells.
You can't see any susceptible monsters within range! (Use Z to cast anyway.) Unknown command.
* * * LOW HITPOINT WARNING * * *
You feel sick.
* * * LOW HITPOINT WARNING * * *
You feel sick.
Raetorn's ghost says, "You will never get the ORB!"
* * * LOW HITPOINT WARNING * * *
You feel sick.
You die...

* ...##.###### ,..... ,,
.........$###...... #...
......#...[.. * * * *
#..########.#...... ,
#..#≈(≈≈≈≈†........ , . ,
#..########........
....###..W........#..[..$ *
,,.........#+##############
* ...#####@#, ,, , * , #.#
* * * #.# ######.#
,#......# , ,, #.###### *
#.# #.# #.#


You could see raetorn's ghost.

Vanquished Creatures
  A phantom (D:4)
  An ogre (D:4)
  An elf zombie (Ossuary)
  A bullfrog (D:5)
  2 bullfrog zombies (D:4)
  4 centaur zombies
  A centaur skeleton (D:4)
  An iguana (D:4)
  An orc wizard (D:3)
  A worker ant (D:4)
  3 big kobold zombies (Ossuary)
  A hound skeleton (D:4)
  2 mummies (Ossuary)
  A worker ant zombie (D:4)
  A howler monkey skeleton (D:4)
  3 adders
  An adder zombie (D:4)
  2 dart slugs
  3 worms
  5 leopard geckos
  4 orcs (D:3)
  4 giant cockroaches
  8 goblins
  8 hobgoblins
  8 jackals
  7 kobolds
  3 quokkas
  2 ball pythons (D:1)
  A ball python skeleton (D:4)
  11 bats
  6 frilled lizards
  2 goblin zombies (Ossuary)
  9 hobgoblin zombies (Ossuary)
  2 jackal zombies (Ossuary)
  10 kobold zombies (Ossuary)
  2 leopard gecko skeletons (D:4)
  A leopard gecko zombie (D:4)
  7 orc zombies (Ossuary)
  2 quokka zombies (D:4)
  5 rats
138 creatures vanquished.

Notes
Turn   | Place    | Note
-------+----------+-------------------------------------------
     0 | D:1      | Descartes the Formicid Wanderer began the quest for the
                  | Orb.
     0 | D:1      | Descartes set off with the following items: a +0 club, a +2
                  | leather armour, a +0 dagger, a ration; and the following
                  | spells available to memorise: Summon Butterflies, Sting,
                  | Call Canine Familiar, Mephitic Cloud
     0 | D:1      | Reached XP level 1. HP: 13/13 MP: 2/2
     2 | D:1      | Learned a level 1 spell: Sting
   330 | D:1      | Reached XP level 2. HP: 20/20 MP: 3/3
   491 | D:1      | Reached XP level 3. HP: 20/25 MP: 4/4
   530 | D:1      | Reached skill level 1 in Poison Magic
  1383 | D:2      | Reached skill level 1 in Armour
  1634 | D:2      | Reached XP level 4. HP: 31/31 MP: 6/6
  1699 | D:2      | Reached skill level 1 in Conjurations
  2490 | D:3      | Reached skill level 1 in Fighting
  2769 | D:3      | Reached skill level 3 in Stealth
  2769 | D:3      | Reached XP level 5. HP: 29/37 MP: 7/7
  3250 | D:4      | Noticed an ogre
  3263 | D:4      | Killed an ogre
  3263 | D:4      | Reached XP level 6. HP: 41/43 MP: 9/9
  3308 | D:4      | Noticed a phantom
  3364 | D:4      | Reached skill level 1 in Long Blades
  3451 | D:4      | Gained mutation: Your spells are a little harder to cast,
                  | but a little more powerful. [potion of mutation]
  3451 | D:4      | Gained mutation: You passively map a small area around you.
                  | [potion of mutation]
  3500 | D:4      | HP: 2/43 [phantom (5)]
  3503 | D:4      | Killed a phantom
  3563 | D:4      | Reached XP level 7. HP: 8/49 MP: 10/10
  3672 | D:4      | HP: 2/50 [worm (3)]
  3804 | D:4      | Found a sand-covered staircase.
  3810 | Ossuary  | Entered an ossuary
  4491 | Ossuary  | Reached skill level 4 in Stealth
  4557 | Ossuary  | Reached XP level 8. HP: 13/57 MP: 12/12
  5011 | D:4      | Reached skill level 10 in Stealth
  5011 | D:4      | Reached XP level 9. HP: 58/62 MP: 13/13
  5012 | D:4      | Reached skill level 5 in Spellcasting
  5012 | D:4      | Reached XP level 10. HP: 64/68 MP: 13/18
  5017 | D:4      | Learned a level 3 spell: Mephitic Cloud
  5590 | D:5      | Entered Level 5 of the Dungeon
  5614 | D:5      | Found a runed translucent door.
  5617 | D:5      | Noticed raetorn's ghost (novice FoFi)
  5699 | D:5      | HP: 3/68 [poisoned by raetorn's ghost]
  5700 | D:5      | HP: 1/68 [poisoned by raetorn's ghost]
  5701 | D:5      | Succumbed to raetorn's ghost's poison

Skill      XL: |  1  2  3  4  5  6  7  8  9 |
---------------+----------------------------+-----
Poison Magic   | 1 2 3 6 |  6.8
Armour         | 1 2 8 9 |  9.9
Conjurations   | 1 2 |  2.4
Fighting       | 1 2 |  2.6
Stealth        | 3 4 10 | 10.5
Spellcasting   | 2 3 5 |  5.5
Throwing       | 2 |  2.7
Dodging        | 2 |  2.6
Long Blades    | 1 2 7 9 |  9.0
Shields        | |  1.2
Summonings     | |  1.0
Air Magic      | |  0.1
Earth Magic    | |  3.6

Action                   |  1- 3 |  4- 6 |  7- 9 | 10-12 || total
-------------------------+-------+-------+-------+-------++-------
Melee: Dagger            |   162 |    58 |       |       ||   220
       Falchion          |       |   199 |   290 |    99 ||   588
 Cast: Sting             |     6 |       |       |       ||     6
 Abil: Dig               |     1 |     4 |     4 |       ||     9
  Use: Potion            |       |     5 |     3 |     2 ||    10
       Scroll            |       |       |     5 |       ||     5
 Stab: Sleeping          |     7 |     7 |     6 |     6 ||    26
  Eat: Chunk             |     3 |     5 |     4 |     2 ||    14
       Ration            |       |       |     1 |       ||     1
Armor: Leather armour    |    53 |   122 |   142 |    29 ||   346
       Skin              |       |     3 |       |    35 ||    38
Dodge: Dodged            |   107 |   158 |   194 |    28 ||   487
       Rpst.: Falchion   |       |    33 |    65 |     8 ||   106
